Map: 트라이튼 - 래더

Players

DPGCure (Cure) - Winner!

  • Race: Terran Terran
  • League: Grandmaster
  • Spawn Location: 11:00

Patience

  • Race: Protoss Protoss
  • League: Master
  • Spawn Location: 5:00

VOD

Have the link to the VOD?

Description

Time

  • Played on: Jan. 7, 2020, 5:32 a.m.
  • Length: 12:17
Show
View Real Time Build Order
Export as new Build Order

DPGCure Terran - Winner!

Build Orders:  

Get SALT Encoding   

  12  0:00  SCV  
  13  0:12  SCV  
  14  0:17  Supply Depot  
  14  0:25  SCV  
  15  0:38  SCV  
  15  0:39  Barracks  
  16  0:45  Refinery  
  16  0:51  SCV  
  17  1:03  SCV  
  18  1:06  Barracks  
  18  1:15  SCV  
  19  1:27  Orbital Command, Marine  
  20  1:38  Supply Depot  
  20  1:45  Barracks Reactor  
  20  1:53  Barracks Tech Lab  
  20  1:54  SCV  
  21  2:06  SCV, Supply Depot  
  22  2:11  Concussive Shells  
  22  2:12  Marauder  
  24  2:19  SCV  
  24  2:21  Marine x2  
  27  2:31  SCV  
  27  2:33  Marauder  
  30  2:37  Supply Depot  
  30  2:39  Marine x2  
  30  2:43  SCV  
  33  2:54  Marauder  
  33  2:55  SCV  
  33  2:57  Marine x2  
  38  3:00  Supply Depot  
  38  3:07  SCV  
  39  3:15  Marine x2  
  39  3:16  Marauder  
  43  3:21  Bunker  
  43  3:24  SCV  
  43  3:26  Bunker  
  44  3:32  Marine  
  41  3:36  SCV  
  41  3:37  Marauder  
  39  3:52  Marine x2  
  41  3:55  Stimpack  
  41  3:59  Marauder  
  42  4:11  Command Center  
  42  4:15  SCV  
  40  4:20  Marauder, Marine x2  
  44  4:27  SCV  
  41  4:37  Marine  
  41  4:38  Marine  
  43  4:41  Marauder  
  45  4:52  SCV  
  45  4:55  Marine x2  
  44  5:01  Barracks  
  44  5:02  Engineering Bay  
  44  5:03  Marauder  
  44  5:04  Refinery  
  44  5:05  SCV  
  46  5:13  Marine x2  
  48  5:17  SCV  
  48  5:20  Factory  
  49  5:29  SCV  
  49  5:34  Terran Infantry Weapons Level 1  
  50  5:39  Orbital Command  
  50  5:40  Marine x2  
  50  5:41  SCV  
  53  5:50  Barracks Tech Lab  
  53  5:52  Barracks  
  53  5:53  SCV  
  54  6:05  SCV  
  54  6:10  Marauder, Marine x2  
  54  6:11  Combat Shield  
  59  6:12  Starport  
  59  6:13  SCV  
  59  6:17  SCV  
  61  6:22  Supply Depot, Refinery  
  61  6:30  SCV x2  
  61  6:32  Factory Reactor  
  63  6:34  Missile Turret  
  63  6:42  SCV x2  
  65  6:51  Barracks Tech Lab  
  66  6:54  SCV x2  
  66  6:58  Supply Depot  
  67  7:04  Barracks Tech Lab  
  67  7:05  Supply Depot  
  67  7:06  SCV x2  
  69  7:08  Refinery  
  69  7:14  Medivac x2  
  73  7:16  Factory Reactor  
  73  7:18  Marauder  
  73  7:19  SCV x2  
  77  7:25  Marine x2  
  77  7:26  Supply Depot  
  79  7:33  Supply Depot  
  79  7:34  SCV x2  
  81  7:39  Marauder  
  83  7:44  Medivac x2  
  87  7:52  Missile Turret  
  83  8:00  Marauder, Marine x2  
  83  8:01  Marauder  
  83  8:04  SCV x2  
  90  8:12  Widow Mine x2  
  92  8:14  Terran Infantry Armor Level 1  
  92  8:21  Marauder, Marine  
  92  8:22  Marauder x2  
  99  8:32  Medivac  
  99  8:33  Command Center  
  100  8:44  Marauder x2, Marine x2  
  100  8:45  Marauder  
  100  8:48  SCV x2  
  110  8:51  Supply Depot  
  110  8:52  Supply Depot  
  110  9:13  Marauder x3, Marine x2  
  110  9:14  Medivac  
  110  9:16  Supply Depot  
  120  9:18  SCV  
  120  9:19  Supply Depot  
  120  9:24  SCV  
  119  9:36  Marauder x3  
  117  9:39  SCV x2  
  117  9:40  Marine  
  117  9:41  Marine  
  117  9:42  Widow Mine  
  120  9:48  Orbital Command  
  120  9:57  Marauder  
  120  9:59  Barracks  
  120  10:00  Marauder  
  120  10:04  Orbital Command  
  122  10:10  Marauder  
  122  10:11  Marine x2  
  126  10:16  SCV x2  
  118  10:34  Marauder x3, Marine x2  
  101  10:43  Widow Mine x2  
  101  10:44  SCV x2  
  101  10:45  SCV  
  101  10:49  Viking x2  
  110  10:55  Marauder x3, Marine x2  
  117  10:57  Barracks Reactor  
  117  11:00  SCV x2  
  115  11:06  Widow Mine x2  
  118  11:15  Marine x2  
  118  11:17  Marauder  
  117  11:20  Marauder x2  
  121  11:27  Viking  
  121  11:32  Viking  
  119  11:46  Marauder x3, Marine x2  
  113  11:47  Marine x2  
  113  11:51  Widow Mine x2  
  111  11:56  SCV x3  
Show
View Real Time Build Order
Export as new Build Order

Patience Protoss 

Build Orders: 1 Gate Expand 

Get SALT Encoding   

  12  0:00  Probe  
  13  0:13  Probe  
  14  0:17  Pylon  
  14  0:25  Probe (Chrono Boost)  
  16  0:37  Gateway, Probe (Chrono Boost)  
  16  0:42  Probe (Chrono Boost)  
  16  0:47  Assimilator  
  17  0:52  Probe  
  18  1:04  Probe  
  19  1:16  Probe  
  20  1:23  Nexus  
  20  1:33  Cybernetics Core  
  20  1:36  Probe  
  21  1:45  Assimilator  
  21  1:48  Probe  
  21  1:54  Pylon  
  22  2:00  Probe  
  23  2:09  Stalker (Chrono Boost)  
  23  2:10  Warp Gate  
  23  2:13  Probe  
  25  2:25  Shield Battery  
  25  2:26  Probe  
  25  2:29  Stalker (Chrono Boost)  
  28  2:37  Robotics Facility  
  28  2:40  Probe  
  28  2:43  Probe  
  30  2:50  Stalker (Chrono Boost)  
  30  2:52  Probe  
  30  2:56  Probe  
  34  3:04  Pylon  
  34  3:05  Probe  
  35  3:09  Probe  
  36  3:13  Stalker  
  39  3:24  Shield Battery  
  36  3:36  Immortal (Chrono Boost)  
  33  3:58  Stalker  
  36  4:05  Shield Battery, Immortal (Chrono Boost)  
  33  4:27  Stalker  
  30  4:33  Probe x2  
  30  4:34  Immortal (Chrono Boost)  
  35  4:44  Shield Battery  
  34  4:52  Stalker  
  35  4:56  Probe  
  35  4:57  Probe  
  35  5:06  Observer (Chrono Boost)  
  36  5:09  Probe x2, Pylon  
  36  5:13  Twilight Council  
  38  5:16  Sentry  
  38  5:21  Probe x2  
  42  5:23  Observer  
  43  5:33  Probe x2 (Chrono Boost)  
  45  5:45  Probe (Chrono Boost)  
  45  5:47  Gateway  
  45  5:48  Gateway  
  47  5:51  Probe (Chrono Boost)  
  47  5:54  Probe (Chrono Boost)  
  47  5:55  Warp Prism (Chrono Boost)  
  50  5:58  Probe (Chrono Boost)  
  50  5:59  Probe  
  52  6:07  Dark Shrine  
  52  6:09  Probe  
  52  6:13  Sentry, Pylon  
  52  6:15  Probe  
  52  6:18  Pylon  
  55  6:21  Probe  
  56  6:25  Observer (Chrono Boost)  
  56  6:27  Probe  
  56  6:32  Assimilator  
  58  6:33  Probe  
  58  6:34  Assimilator  
  58  6:37  Zealot  
  58  6:39  Probe  
  62  6:47  Probe  
  62  6:51  Probe  
  63  6:55  Robotics Bay  
  63  7:00  Observer (Chrono Boost)  
  64  7:05  Forge, Gateway  
  64  7:08  Gateway  
  64  7:09  Gateway  
  64  7:17  Pylon  
  64  7:20  Observer  
  65  7:34  Dark Templar  
  65  7:35  Dark Templar  
  69  7:44  Probe x2  
  69  7:45  Colossus (Chrono Boost)  
  77  8:00  Nexus  
  77  8:03  Pylon  
  77  8:09  Probe  
  77  8:11  Blink (Chrono Boost)  
  74  8:16  Extended Thermal Lance  
  74  8:25  Zealot x3  
  80  8:27  Zealot x2  
  80  8:28  Zealot  
  82  8:37  Probe x2  
  82  8:39  Colossus (Chrono Boost)  
  88  8:49  Probe  
  89  8:56  Observer  
  89  9:04  Shield Battery  
  89  9:05  Shield Battery  
  89  9:07  Stalker x2  
  89  9:09  Pylon  
  91  9:13  Stalker x2  
  91  9:14  Stalker  
  95  9:25  Probe x3  
  95  9:28  Zealot  
  100  9:32  Zealot  
  100  9:33  Zealot  
  100  9:37  Zealot  
  82  9:48  Stalker x2  
  82  9:49  Stalker  
  88  9:58  Colossus (Chrono Boost)  
  94  10:10  Sentry x2  
  98  10:20  Stalker x3  
  82  10:36  Stalker x3  
  82  10:40  Warp Prism (Chrono Boost)  
  76  10:47  Sentry x2  
  76  10:49  Sentry  
  82  11:03  Stalker x3  
  84  11:21  Colossus (Chrono Boost)  
  90  11:31  Zealot x3, Stalker x2  
  80  11:49  Stalker  
  66  11:55  Stalker x4  
Tags
 
Add a new tag
Caveats
  • Supply blocks, unpowered buildings, or Contaminate may cause inaccurate times.
  • Supply counts are checked every 10 seconds.